 Dungeon Sprint DCSS version 0.19.0-24-gb05acd6 (webtiles) character file.

301 igo the Grappler (level 6, -10/88 HPs)
             Began as a Troll Fighter on Nov 22, 2016.
             Was an Initiate of Sif Muna.
             Killed from afar by a gargoyle (26 damage)
             ... with a stone arrow
             ... in the Dungeon (Sprint IX: "|||||||||||||||||||||||||||||").
             The game lasted 00:02:14 (146 turns).

igo the Grappler (Troll Fighter)                     Turns: 146, Time: 00:02:15

Health: -10/88     AC:  5    Str: 30    XL:     6   Next: 14%
Magic:  5/5        EV: 10    Int: 12    God:    Sif Muna [......]
Gold:   0          SH: 11    Dex:  9    Spells: 0 memorised, 5 levels left

rFire  . . .     SeeInvis .       - Unarmed
rCold  . . .     Gourm    +     a - +0 robe
rNeg   . . .     Faith    .     b - +0 shield
rPois  .         Spirit   .     (helmet restricted)
rElec  .         Reflect  .     (no cloak)
rCorr  .         Harm     .     (gloves unavailable)
MR     .....     NoTele   +     (boots unavailable)
Stlth  ..........               (no amulet)
                                p - +3 ring of intelligence
                                o - +3 ring of intelligence

@: berserking, very slightly contaminated, slowed, invisible (expiring)
A: unfitting armour, claws 3, fast metabolism 3, gourmand, regeneration 1,
shaggy fur 1, tough skin 2
a: Renounce Religion


You were in the Dungeon.
You worshipped Sif Muna.
Sif Muna was noncommittal.
You were very full.

You visited 1 branch

Inventory:

Armour
 a - a +0 robe (worn)
 b - a +0 shield (worn)
Magical Staves
 n - an uncursed staff of energy
Jewellery
 o - a +3 ring of intelligence (left claw)
 p - a +3 ring of intelligence (right claw)
Wands
 m - a wand of acid (7/15)
Scrolls
 j - 2 scrolls of blinking
 k - 3 scrolls of remove curse
 l - 2 scrolls of amnesia
Potions
 e - 5 potions of curing
 f - a potion of heal wounds
 h - 4 potions of magic
Comestibles
 c - 5 chunks of flesh
 d - 2 bread rations


   Skills:
 - Level 2.8 Fighting
 - Level 3.0 Dodging
 + Level 6.7 Shields
 * Level 10.3 Unarmed Combat


You had 5 spell levels left.
You didn't know any spells.

Dungeon Overview and Level Annotations

Branches:
Dungeon (1/1)

Altars:
Cheibriados
Dithmenos
Elyvilon
Fedhas
Gozag
Hepliaklqana
Kikubaaqudgha
Makhleb
Nemelex Xobeh
Okawaru
Qazlal
Ru
Sif Muna
Trog
Uskayaw
Vehumet
Xom
Yredelemnul
Zin
The Shining One
Beogh
Jiyva
Lugonu


Innate Abilities, Weirdness & Mutations

You are too large for most types of armour.
You have claws for hands.
Your metabolism is lightning-fast.
You like to eat raw meat.
Your natural rate of healing is unusually fast.
You are covered in fur. (AC +1)
You have very tough skin. (AC +2)


Message History

a mace of crushing; an orc corpse You mangle the gargoyle!!
The gargoyle is severely damaged.
The gargoyle hits you with a morningstar!
You barely miss the gargoyle.
The gargoyle is severely damaged.
The gargoyle hurls a stone arrow at you.
The stone arrow misses you.
You scratch the gargoyle but do no damage.
The gargoyle is severely damaged.
You flicker for a moment.
The gargoyle hits you with a morningstar!
* * * LOW HITPOINT WARNING * * *
You are too injured to fight recklessly!
You are too injured to fight recklessly!
A red film seems to cover your vision as you go berserk!
You feel yourself moving faster!
You feel mighty!
The gargoyle hurls a stone arrow at you.
The stone arrow hits you!
You die...

▓_▓
▓_▓
▓_▓
▓_▓
▓_▓
▓_▓
▓_▓
▓.▓
▓@▓
▓9▓
▓Y▓
▓.▓
▓)▓
▓[▓
▓[▓
▓[▓
▓.▓


You could see a gargoyle and an ice beast.

Vanquished Creatures
  A wraith (D)
  A necrophage (D)
  A hound (D)
  A worker ant (D)
  An orc (D)
  A bat (D)
  A bat zombie (D)
  A goblin (D)
  A hobgoblin (D)
  A jackal (D)
  2 quokkas (D)
  A frilled lizard (D)
13 creatures vanquished.

Vanquished Creatures (others)
  An orc (D)
1 creature vanquished.

Grand Total: 14 creatures vanquished

Notes
Turn   | Place    | Note
-------+----------+-------------------------------------------
     0 | D        | igo the Troll Fighter began the quest for the Orb.
     0 | D        | Reached XP level 1. HP: 22/22 MP: 0/0
    35 | D        | Noticed a hound
    35 | D        | Noticed a necrophage
    39 | D        | Killed a hound
    39 | D        | Reached skill level 4 in Unarmed Combat
    39 | D        | Reached XP level 2. HP: 25/29 MP: 1/1
    39 | D        | Reached XP level 3. HP: 31/36 MP: 2/2
    41 | D        | Killed a necrophage
    41 | D        | Reached skill level 5 in Shields
    41 | D        | Reached skill level 7 in Unarmed Combat
    41 | D        | Reached XP level 4. HP: 39/44 MP: 3/3
    59 | D        | Found a roughly hewn altar of Beogh.
    59 | D        | Found a snail-covered altar of Cheibriados.
    59 | D        | Found a shadowy altar of Dithmenos.
    59 | D        | Found a white marble altar of Elyvilon.
    59 | D        | Found a blossoming altar of Fedhas.
    59 | D        | Found an opulent altar of Gozag.
    60 | D        | Found a hazy altar of Hepliaklqana.
    61 | D        | Found a viscous altar of Jiyva.
    62 | D        | Found an ancient bone altar of Kikubaaqudgha.
    63 | D        | Found a corrupted altar of Lugonu.
    64 | D        | Found a burning altar of Makhleb.
    65 | D        | Found a sparkling altar of Nemelex Xobeh.
    66 | D        | Found an iron altar of Okawaru.
    67 | D        | Found a stormy altar of Qazlal.
    68 | D        | Found a sacrificial altar of Ru.
    69 | D        | Found a deep blue altar of Sif Muna.
    70 | D        | Found a bloodstained altar of Trog.
    71 | D        | Found a hide-covered altar of Uskayaw.
    72 | D        | Found a radiant altar of Vehumet.
    73 | D        | Found a shimmering altar of Xom.
    74 | D        | Found a basalt altar of Yredelemnul.
    75 | D        | Found a glowing silver altar of Zin.
    76 | D        | Found a glowing golden altar of the Shining One.
    77 | D        | Became a worshipper of Sif Muna the Loreminder
   105 | D        | Noticed a wraith
   105 | D        | Noticed a gargoyle
   105 | D        | Noticed an ice beast
   108 | D        | Reached skill level 8 in Unarmed Combat
   108 | D        | Reached XP level 5. HP: 42/52 MP: 4/4
   137 | D        | Killed a wraith
   137 | D        | Reached skill level 10 in Unarmed Combat
   137 | D        | Reached XP level 6. HP: 33/59 MP: 5/5
   146 | D        | Killed from afar by a gargoyle

Skill      XL: |  1  2  3  4  5 |
---------------+----------------+-----
Shields        | 3 5 6 |  6.7
Dodging        | 3 |  3.0
Unarmed Combat | 4 7 8 10 | 10.3
Fighting       | |  2.8

Action                   |  1- 3 |  4- 6 || total
-------------------------+-------+-------++-------
Melee: Unarmed           |    20 |    27 ||    47
  Use: Potion            |     2 |     4 ||     6
  Eat: Chunk             |     5 |     1 ||     6
Armor: Robe              |    10 |     1 ||    11
Dodge: Dodged            |     7 |    13 ||    20
Block: Shield            |     4 |    10 ||    14
